 Dungeon Crawl Stone Soup version 0.31-a0-4-gefa6de2278 (webtiles) character file.

Game seed: 10278384626599845549

33 123456 the Trooper (level 3, -1/31 (33) HPs)
             Began as a Minotaur Fighter on May 4, 2023.
             Succumbed to Crazy Yiuf's poison
             ... on level 2 of the Dungeon.
             The game lasted 00:01:19 (1118 turns).

123456 the Trooper (Minotaur Fighter)               Turns: 1118, Time: 00:01:20

HP:   -1/31 (33)    AC:  7    Str: 22    XL:     3   Next: 12%
MP:   2/2           EV:  9    Int:  5    God:
Gold: 60            SH:  4    Dex:  9    Spells: 2/2 levels left

rFire   . . .        a - +0 flail
rCold   . . .        c - +0 buckler
rNeg    . . .        b - +0 scale mail
rPois   .            (helmet restricted)
rElec   .            (no cloak)
rCorr   .            (no gloves)
SInv    .            (no boots)
Will    .....        (no amulet) Stlth
                     (no ring)
HPRegen 0.25/turn    (no ring)
MPRegen 0.08/turn

%: no passive effects
@: lethally poisoned (-1 -> -17), attractive, flying, drained
A: horns 2, retaliatory headbutt
a: no special abilities


You were on level 2 of the Dungeon.
You visited 1 branch of the dungeon, and saw 2 of its levels.

You collected 60 gold pieces.

Inventory:

Hand Weapons
 a - a +0 flail (weapon)
Armour
 b - a +0 scale mail (worn)
 c - a +0 buckler (worn)
Scrolls
 e - 2 scrolls of teleportation {unknown}
 f - a scroll of noise {unknown}
 j - a scroll of blinking {unknown}
 k - a scroll of identify {unknown}
Potions
 d - a potion of might
 g - a potion of heal wounds
 h - a potion of attraction


   Skills:
 * Level 4.2 Fighting
 * Level 3.2 Maces & Flails
 + Level 4.0 Armour
 + Level 0.8 Dodging
 - Level 3.6 Shields


You had 2 spell levels left.
You didn't know any spells.
Your spell library was empty.

Dungeon Overview and Level Annotations

Branches:
Dungeon (2/15)

Altars:

Annotations:
D:2 Crazy Yiuf


Innate Abilities, Weirdness & Mutations

You have a pair of horns on your head.
You reflexively headbutt those who attack you in melee.


Message History

You open the door.
Found a scale mail.
There is an open door here.
Search for what [? for help]? runed You open the door.
You hit Crazy Yiuf.
Crazy Yiuf is lightly wounded.
Crazy Yiuf hits you with a +2 quarterstaff of chaos!
You are lethally poisoned!
You barely miss Crazy Yiuf.
Crazy Yiuf is lightly wounded.
You feel very sick. You block Crazy Yiuf's attack.
Crazy Yiuf says, "Hah poople verde!"
Crazy Yiuf hits you with a +2 quarterstaff of chaos.
You feel drained.
It was a potion of heal wounds.
You feel much better.
You feel very sick.
Crazy Yiuf waves his quarterstaff at you.
Crazy Yiuf closely misses you.
You thump Crazy Yiuf!
Crazy Yiuf is severely wounded.
You feel very sick.
Crazy Yiuf hits you with a +2 quarterstaff of chaos.
Crazy Yiuf draws strength from your wounds!
You barely miss Crazy Yiuf. Your headbutt misses Crazy Yiuf.
Crazy Yiuf is heavily wounded.
You feel sick.
Crazy Yiuf hits you with a +2 quarterstaff of chaos!
* * * LOW HITPOINT WARNING * * *
You are lethally poisoned!
It was a potion of attraction.
You feel attractive to monsters.
* * * LOW HITPOINT WARNING * * *
You feel very sick. Crazy Yiuf barely misses you. You furiously retaliate!
You headbutt Crazy Yiuf!
It was a potion of flight.
You feel very buoyant.
You fly up into the air.
You die...

#....####...........
#....# #...........
♣....♣ #.........).
♣...♣♣ #...........
♣♣.♣♣ #......#####
♣.♣♣ #......†....
♣♣.♣ #...........
♣.♣♣ #......(....
♣♣@♣ #######.....
#g# #..... ...
###### #...# #..)#
#####


You could see Crazy Yiuf.

Vanquished Creatures
  An adder (D:2)
  3 endoplasms
  A hobgoblin (D:1)
  2 quokkas (D:1)
  3 ball pythons
  4 bats
  A frilled lizard (D:1)
  2 goblins (D:1)
  4 kobolds
  5 rats
26 creatures vanquished.

Notes
Turn   | Place    | Note
-------+----------+-------------------------------------------
     0 | D:1      | 123456 the Minotaur Fighter began the quest for the Orb.
     0 | D:1      | Reached XP level 1. HP: 19/19 MP: 0/0
   354 | D:1      | Reached XP level 2. HP: 22/27 MP: 1/1
   991 | D:2      | Reached XP level 3. HP: 33/33 MP: 2/2
  1028 | D:2      | Found a runed translucent door.
  1029 | D:2      | Noticed Crazy Yiuf
  1118 | D:2      | Succumbed to Crazy Yiuf's poison

Illustrated notes

Levels and vault maps discovered:
D:1:      psy_arrival_wood_between_worlds, layout_basic, minmay_pentomino_z4
D:2:      layout_basic, uniq_crazy_yiuf_cottage

Skill      XL: |  1  2 |
---------------+-------+-----
Maces & Flails | 3 |  3.2
Fighting       | 4 |  4.2
Armour         | 4 |  4.0
Dodging        | |  0.8
Shields        | |  3.6

Action                     || total
---------------------------++-------
  Melee: Flail             ||    62
         Headbutt          ||     5
    Use: Potion            ||     3
 Armour: Scale mail        ||    29
  Dodge: Dodged            ||    25
  Block: Buckler           ||    15

Table legend: (Time is in decaauts)
 A = Elapsed time spent in this place.
 B = Non-inter-level travel time spent in this place.
 C = Inter-level travel time spent in this place.
 D = Time resting spent in this place.
 E = Time spent auto-exploring this place.
 F = Levels seen in this place.
 G = Mean time per level.
                   A        B        C        D        E       F      G
               +--------+--------+--------+--------+--------+-----+--------+
         Total |   1135 |   1072 |     63 |      0 |    899 |   2 |  567.5 |
       Dungeon |   1135 |   1072 |     63 |      0 |    899 |   2 |  567.5 |
               +--------+--------+--------+--------+--------+-----+--------+

Top non-repeatable levels by time:
     D:1: 917 daAuts
     D:2: 218 daAuts
